 Dungeon Crawl Stone Soup version 0.29.1-15-g9cfb28693d (webtiles) character file.

Game seed: 5437612490785677663

489 hawla the Firebug (level 7, -9/50 HPs)
             Began as a Meteoran Fire Elementalist on Mar 28, 2023.
             Mangled by Prince Ribbit (16 damage)
             ... on level 5 of the Dungeon.
             The game lasted 00:07:02 (1140 turns).

hawla the Firebug (Meteoran Fire Elementalist)      Turns: 1140, Time: 00:07:02

Health: -9/50      AC:  3    Str:  9    XL:     7   Next: 63%
Magic:  2/15       EV: 13    Int: 18    God:
Gold:   137        SH:  0    Dex: 16    Spells: 9/16 levels left

rFire   . . .      SeeInvis .   (no weapon)
rCold   . . .      Faith    .   (no shield)
rNeg    . . .      Spirit   .   a - +1 robe
rPois   .          Reflect  .   (no helmet)
rElec   .          Harm     .   (no cloak)
rCorr   .          Rampage  .   (no gloves)
Will    .....                   (no boots)
Stlth   +.........              (no amulet)
HPRegen 0.16/turn               (no ring)
MPRegen 0.14/turn               (no ring)

@: marked, glowing
A: sense surroundings 1, otherworldly, glowing, explore regen
a: no special abilities


You were on level 5 of the Dungeon.
You visited 1 branch of the dungeon, and saw 5 of its levels.

You collected 137 gold pieces.

Inventory:

Armour
 a - a +1 robe (worn)
Potions
 b - a potion of magic
 h - 2 potions of curing
 j - a potion of cancellation
 k - a potion of might


   Skills:
 + Level 2.9 Dodging
 - Level 1.4 Stealth
 + Level 5.1 Spellcasting
 + Level 5.7 Conjurations
 + Level 5.8 Fire Magic


You had 9 spell levels left.
You knew the following spells:

 Your Spells              Type           Power      Damage    Failure   Level
a - Foxfire               Conj/Fire      100%       2x1d9     1%          1
b - Scorch                Fire           50%        2d7       1%          2
c - Flame Wave            Conj/Fire      25%        2d8       12%         4

Your spell library contained the following spells:

 Spells                   Type           Power      Damage    Failure   Level
 Conjure Flame            Conj/Fire      25%        6-21      3%          3
 Inner Flame              Hex/Fire       15%        N/A       12%         3
 Blink                    Tloc           8%         N/A       21%         2
 Call Canine Familiar     Summ           4%         N/A       36%         3
 Portal Projectile        Hex/Tloc       8%         N/A       36%         3
 Tukima's Dance           Hex            4%         N/A       36%         3
 Leda's Liquefaction      Hex/Erth       2%         N/A       78%         4
 Blade Hands              Tmut           2%         N/A       98%         5
 Manifold Assault         Tloc           4%         N/A       98%         5
 Storm Form               Tmut/Air       2%         N/A       100%        7


Dungeon Overview and Level Annotations

Branches:
Dungeon (5/15) Zot: 1860   Temple (0/1) D:5

Altars:
Dithmenos
Kikubaaqudgha
Nemelex Xobeh
Qazlal

Annotations:
D:5 Blork the orc, Prince Ribbit


Innate Abilities, Weirdness & Mutations

You passively map a small area around you.
You are easily found by Zot.
You glow in the dark.
You regain HP and MP as you explore.


Message History

Confirm with . or Enter, or press ? or * to list all spells.
Flames lash the wyvern.
The wyvern is heavily wounded.
The wyvern's fire resistance burns away.
The foxfire hits the wyvern.
The wyvern is burned terribly!
The wyvern is heavily wounded.
The wyvern closely misses you.
Prince Ribbit comes into view.
Casting: Scorch (safe; 2% risk of failure)
Confirm with . or Enter, or press ? or * to list all spells.
Flames lash the wyvern.
The wyvern is burned terribly!
The wyvern is almost dead.
The wyvern bites you! The wyvern bites you.
Unknown command.
Casting: Scorch (safe; 2% risk of failure)
Confirm with . or Enter, or press ? or * to list all spells.
You conjure some foxfire!
The wyvern bites you!
* * * LOW HITPOINT WARNING * * *
Casting: Foxfire (safe; 1% risk of failure)
Confirm with . or Enter, or press ? or * to list all spells.
Flames lash the wyvern.
The wyvern is burned terribly!
You kill the wyvern!
The foxfire hits Prince Ribbit!
Prince Ribbit is lightly wounded.
Your Spellcasting skill increases to level 5!
Unknown command.
You aren't carrying any scrolls.
Blork the orc and a white imp come into view.
Blork the orc is wielding a +0 dire flail, wearing a +2 robe of positive energy and carrying a wand of roots (9).
The foxfire hits Prince Ribbit.
Prince Ribbit is moderately wounded.
You see here a +0 ring mail.
Your magical contamination has completely faded away.
Blork the orc zaps a wand.
The roots erupt in riotous growth!
The grasping roots grab you! The grasping roots constrict you.
* * * LOW HITPOINT WARNING * * *
You escape the roots grasp.
Prince Ribbit attacks as you move away! Prince Ribbit hits you!
You die...

*,,...........###)...#,,,,,,,*
*****##....._.# #......#,*,*,,
##...##########.....,,,,
#.#....<..# **,..#.*,**
#......##.## *,.>...,,,,
#.<.##..#..###.#,,.#,**,
##...##...<.....,,,..**,
##........o....,,##.**,
#.###@.........,#..##, **#.#
#F.§........#.#..,
*,..###.§≈≈≈≈≈§≈.......,
*,**##.[≈§§≈≈≈.........#
***,**#..n§≈_....8........
**,,,*#..#.≈≈≈≈≈≈..,,**,,#<
*,,,....##..≈§≈5≈≈≈,,,,,*##
*,#.####*#...§.....,,,***
*,,,* *..........,,,**


You could see Prince Ribbit, Blork the orc, a necrophage and a white imp.

Vanquished Creatures
  A wyvern (D:5)
  An ogre (D:4)
  A scorpion (D:5)
  A jelly (D:4)
  A hound (D:5)
  2 orc wizards (D:5)
  3 adders (D:4)
  A worm (D:2)
  5 dart slugs
  5 orcs
  3 ball pythons
  4 endoplasms
  2 giant cockroaches
  3 goblins
  6 hobgoblins
  A quokka (D:3)
  2 frilled lizards
  3 kobolds
  4 rats
49 creatures vanquished.

Vanquished Creatures (others)
  158 foxfires
158 creatures vanquished.

Grand Total: 207 creatures vanquished

Notes
Turn   | Place    | Note
-------+----------+-------------------------------------------
     0 | D:1      | hawla the Meteoran Fire Elementalist began the quest for
                  | the Orb.
     0 | D:1      | Reached XP level 1. HP: 14/14 MP: 5/5
    62 | D:2      | Reached XP level 2. HP: 20/20 MP: 1/6
   210 | D:3      | Reached XP level 3. HP: 22/26 MP: 3/8
   213 | D:3      | Learned a level 2 spell: Scorch
   515 | D:4      | Found a shadowy altar of Dithmenos.
   580 | D:4      | Noticed an ogre
   587 | D:4      | Killed an ogre
   588 | D:4      | Reached skill level 5 in Fire Magic
   588 | D:4      | Reached XP level 4. HP: 33/33 MP: 2/11
   588 | D:4      | Reached XP level 5. HP: 38/38 MP: 2/12
   603 | D:4      | Learned a level 4 spell: Flame Wave
   763 | D:4      | Reached XP level 6. HP: 33/45 MP: 9/13
  1033 | D:4      | Found a sparkling altar of Nemelex Xobeh.
  1075 | D:5      | Entered Level 5 of the Dungeon
  1101 | D:5      | Found an ancient bone altar of Kikubaaqudgha.
  1114 | D:5      | Reached skill level 5 in Conjurations
  1114 | D:5      | Reached XP level 7. HP: 50/50 MP: 7/14
  1117 | D:5      | Found a stormy altar of Qazlal.
  1128 | D:5      | Noticed a wyvern
  1132 | D:5      | Noticed Prince Ribbit
  1135 | D:5      | Killed a wyvern
  1136 | D:5      | Reached skill level 5 in Spellcasting
  1136 | D:5      | Noticed Blork the orc
  1140 | D:5      | Mangled by Prince Ribbit

Illustrated notes

Levels and vault maps discovered:
D:1:      nicolae_arrival_memento_mori, layout_basic, serial_shops, shop,
          minmay_misc_feat_five, chequers_serial_rivers_micro_b
D:2:      layout_loops_ring, shapermc_ecumenical_altar_hornbeckon, uniq_natasha
D:3:      layout_rooms, serial_shops, nicolae_lakefront_shop,
          serial_co_window_serial, co_window_paths_a, co_window_corner_a,
          co_window_paths_a, co_window_corner_a, co_window_paths_a,
          co_window_unsneaky_path_e, co_window_broadway_b, co_window_broadway_b,
          co_window_unsneaky_path_b, co_window_4corner_a, glass_columns_c,
          glass_columns_b, glass_columns_a, glass_columns_c, glass_columns_b,
          small_statue_intersection
D:4:      layout_cave_pools, amcnicky_altar_gilded, nemelex_dance_club_becter
D:5:      layout_rooms, overflow_temple_1_default, mainiacjoe_overflow_catwalk,
          kennysheep_mini, minmay_temple_entry_sparse_star, uniq_blork_the_orc,
          uniq_prince_ribbit1

Skill      XL: |  1  2  3  4  5  6  7 |
---------------+----------------------+-----
Fire Magic     | 4 5 |  5.8
Spellcasting   | 3 4 5 |  5.1
Conjurations   | 2 3 5 |  5.7
Dodging        | |  2.9
Stealth        | |  1.4

Action                   |  1- 3 |  4- 6 |  7- 9 || total
-------------------------+-------+-------+-------++-------
Melee: Unarmed           |     7 |     2 |       ||     9
 Cast: Foxfire           |    58 |    34 |     5 ||    97
       Scorch            |     1 |     7 |     4 ||    12
  Use: Scroll            |       |     8 |       ||     8
Armor: Robe              |     2 |     1 |       ||     3
Dodge: Dodged            |    11 |     3 |     1 ||    15
